 Dungeon Crawl Stone Soup version 0.30.1-11-g7821555f0a (webtiles) character file.

Game seed: 12422321618737543483

61 anacleto the Caller (level 4, 0/24 HPs)
             Began as a Tengu Summoner on Dec 4, 2023.
             Slain by Blork the orc
             ... wielding a +0 glaive
              (11 damage)
             ... on level 4 of the Dungeon.
             The game lasted 00:08:49 (3152 turns).

anacleto the Caller (Tengu Summoner)                Turns: 3152, Time: 00:08:50

Health: 0/24       AC:  2    Str:  8    XL:     4   Next: 7%
Magic:  2/8        EV: 12    Int: 17    God:
Gold:   90         SH:  0    Dex: 15    Spells: 1/7 levels left

rFire   . . .        (no weapon)
rCold   . . .        (no shield)
rNeg    . . .        a - +0 robe
rPois   .            (helmet restricted)
rElec   .            (no cloak)
rCorr   .            (no gloves)
SInv    .            (boots unavailable)
Will    .....        (no amulet)
Stlth   ++           j - ring of wizardry
HPRegen 0.24/turn    (no ring)
MPRegen 0.11/turn

%: wizardry (x1)
@: no status effects
A: beak, talons 3
a: no special abilities


You were on level 4 of the Dungeon.
You visited 1 branch of the dungeon, and saw 4 of its levels.

You collected 90 gold pieces.

Inventory:

Missiles
 e - 2 poisoned darts
 f - 25 stones
Armour
 a - a +0 robe (worn)
Jewellery
 j - a ring of wizardry (left hand)
 o - a ring of resist corrosion
Scrolls
 c - 2 scrolls of teleportation {unknown}
 d - 2 scrolls of amnesia {unknown}
 h - a scroll of vulnerability {unknown}
 i - a scroll of enchant armour {unknown}
 k - a scroll of enchant weapon {unknown}
 l - 2 scrolls of identify {unknown}
 r - 2 scrolls of torment {unknown}
Potions
 g - 2 potions of brilliance {unknown}
 m - a potion of mutation {unknown}
 n - a potion of lignification {unknown}
 p - a potion of heal wounds
 q - 3 potions of curing {unknown}
 s - 2 potions of flight {unknown}


   Skills:
 - Level 2.1 Dodging
 - Level 2.4 Stealth
 + Level 2.4 Spellcasting
 * Level 6.1 Summonings


You had one spell level left.
You knew the following spells:

 Your Spells              Type           Power      Damage    Failure   Level
a - Summon Small Mammal   Summ           88%        N/A       1%          1
b - Call Imp              Summ           44%        N/A       1%          2
c - Call Canine Familiar  Summ           22%        N/A       1%          3

Your spell library contained the following spells:

 Spells                   Type           Power      Damage    Failure   Level
 Summon Guardian Golem    Hex/Summ       12%        N/A       6%          3
 Ensorcelled Hibernation  Hex/Ice        4%         N/A       12%         2
 Summon Lightning Spire   Summ/Air       12%        N/A       21%         4
 Spider Form              Tmut/Pois      2%         N/A       22%         3
 Anguish                  Hex/Necr       1%         N/A       56%         4


Dungeon Overview and Level Annotations

Branches:
Dungeon (4/15)
 Temple: D:4-7

Altars:
Kikubaaqudgha

Annotations:
D:4 Blork the orc


Innate Abilities, Weirdness & Mutations

You have a beak for a mouth.
You have claws for feet.


Message History

You have reached level 4!
You feel agile.
Casting: Call Imp (safe; 1% risk of failure)
Confirm with . or Enter, or press ? or * to list all spells.
Your cerulean imp hits Blork the orc with a -2 spear.
You open the door. Blork the orc misses your cerulean imp.
Your cerulean imp hits Blork the orc with a -2 spear.
Blork the orc barely misses your cerulean imp.
Blork the orc misses your cerulean imp.
The kobold throws a stone.
The stone barely misses you.
Your cerulean imp barely misses Blork the orc.
There is an open door here.
The kobold throws a stone.
The stone closely misses you.
You hear the slow rusting of a very distant drain.
Your cerulean imp hits Blork the orc with a -2 spear.
Blork the orc closely misses your cerulean imp.
Your cerulean imp barely misses Blork the orc.
Blork the orc hits your cerulean imp with a +0 glaive!
Your cerulean imp dies!
Your cerulean imp disappears in a puff of smoke!
The kobold barely misses you.
There is an open door here.
The kobold attacks as you move away! The kobold closely misses you.
Something barely misses your hound. Something hits your hound.
You see here a hobgoblin corpse.
Your hound closely misses Blork the orc.
Blork the orc closely misses your hound.
Your hound bites Blork the orc.
Blork the orc closely misses your hound.
There is an open door here.
Blork the orc opens the door.
There is an open door here.
Blork the orc closely misses you. Blork the orc closely misses you.
Blork the orc points at you and mumbles some strange words.
The magic dart hits you.
There is a stone staircase leading up here.
Blork the orc hits you from afar with a +0 glaive!
You die...

### #.. #.#
###+###+####.#
.......#..##.###
.......#..##.#@#
+###+###'..h..#.#
#.'...'.#..##.o.#
#†#...#†#..####.#
+.#._.#.K##+ ....
#§#...#.# ###.##
#.'.K.'.# .#
+###'###+ .#
..... ..


You could see Blork the orc (fast).

Vanquished Creatures
  A ball python (D:1)
1 creature vanquished.

Vanquished Creatures (collateral kills)
  An adder (D:4)
  2 dart slugs (D:1)
  An orc (D:3)
  5 bats
  6 endoplasms
  2 giant cockroaches
  6 goblins
  4 hobgoblins
  A jackal (D:1)
  4 quokkas (D:3)
  2 ball pythons
  2 frilled lizards
  3 kobolds
  3 rats (D:2)
42 creatures vanquished.

Grand Total: 43 creatures vanquished

Notes
Turn   | Place    | Note
-------+----------+-------------------------------------------
     0 | D:1      | anacleto the Tengu Summoner began the quest for the Orb.
     0 | D:1      | Reached XP level 1. HP: 10/10 MP: 4/4
   172 | D:1      | Reached skill level 5 in Summonings
   214 | D:1      | Reached XP level 2. HP: 15/15 MP: 1/6
   606 | D:1      | Learned a level 2 spell: Call Imp
  1524 | D:2      | Reached XP level 3. HP: 19/19 MP: 4/7
  1531 | D:2      | Learned a level 3 spell: Call Canine Familiar
  3095 | D:4      | Noticed Blork the orc
  3112 | D:4      | Found an ancient bone altar of Kikubaaqudgha.
  3114 | D:4      | Reached skill level 6 in Summonings
  3132 | D:4      | Reached XP level 4. HP: 9/24 MP: 3/8
  3152 | D:4      | Slain by Blork the orc

Illustrated notes

Levels and vault maps discovered:
D:1:      dpeg_cavernosity, layout_basic
D:2:      layout_rooms
D:3:      layout_loops_cross
D:4:      layout_basic, mainiacjoe_overflow_24_doors, portal_sewer_entry_e,
          uniq_menkaure, uniq_crazy_yiuf_cottage, uniq_blork_the_orc

Skill      XL: |  1  2  3 |
---------------+----------+-----
Summonings     | 5 6 |  6.1
Dodging        | |  2.1
Stealth        | |  2.4
Spellcasting   | |  2.4

Action                     |  1- 3 |  4- 6 || total
---------------------------+-------+-------++-------
  Melee: Unarmed           |    10 |       ||    10
         Kick              |     1 |       ||     1
   Cast: Summon Small Mamm |    54 |       ||    54
         Call Imp          |    22 |       ||    22
         Call Canine Famil |     3 |     1 ||     4
    Use: Potion            |     1 |       ||     1
   Stab: Sleeping          |     1 |       ||     1
 Armour: Robe              |     6 |       ||     6
  Dodge: Dodged            |    45 |     6 ||    51
